NCAA
OREGON STATE BEAVERS @ TEXAS A&M AGGIES
03/15/1972
 
TOP OF THE 1ST
Oregon State Beavers batting - Pitching for Texas A&M Aggies : LHP Bobby Soriano
Pitching: LHP Bobby Soriano
Batting: RHB Alex Garza 0-0: Called Strike
0-1: Foul Ball, location: 2F
0-2: Strikes out swinging
Batting: RHB Hector Torrealba 0-0: Swinging Strike
0-1: Ball
1-1: Ball
2-1: Ball
3-1: Foul Ball, location: 2F
3-2: Foul Ball, location: 2F
3-2: Strikes out looking
Batting: SHB Justin Davids 0-0: Foul Ball, location: 2F
0-1: Ball
1-1: Swinging Strike
1-2: Ground out 5-3 (Groundball, 56S)
Top of the 1st over - 0 runs, 0 hits, 0 errors, 0 left on base; Oregon State 0 - Texas A&M 0
BOTTOM OF THE 1ST
Texas A&M Aggies batting - Pitching for Oregon State Beavers : LHP R.J. Burns
Pitching: LHP R.J. Burns
Batting: LHB Ryan Davis 0-0: Ball
1-0: Foul Ball, location: 2F
1-1: Ball
2-1: Ball
3-1: Base on Balls
Batting: SHB Dan Farmer 0-0: Grounds into double play, 6-4-3 (Groundball, 6)
Batting: RHB Mike Ivester 0-0: Called Strike
0-1: Ground out 4-3 (Groundball, 34)
Bottom of the 1st over - 0 runs, 0 hits, 0 errors, 0 left on base; Oregon State 0 - Texas A&M 0
TOP OF THE 2ND
Oregon State Beavers batting - Pitching for Texas A&M Aggies : LHP Bobby Soriano
Batting: RHB Randy Stout 0-0: Fly out, F8 (Flyball, 89XD)
Batting: SHB Nick McCullough 0-0: Ball
1-0: Ball
2-0: SOLO HOME RUN (Flyball, 7D), Distance : 386 ft
Batting: LHB Frank Palmer 0-0: Ball
1-0: Foul Ball, location: 2F
1-1: Ball
2-1: Ball
3-1: Foul Ball, location: 2F
3-2: SINGLE (Flyball, 8RS)
Batting: RHB Nate Maki 0-0: Ball
1-0: Foul Ball, location: 2F
1-1: SINGLE (Groundball, 6MD)
Frank Palmer to second
Batting: RHB Tony Galvan 0-0: Fielders Choice at 2nd, 1-6 (Groundball, 13)
Frank Palmer to third
Batting: LHB Sean Parr 0-0: Ball
1-0: Ball
2-0: Ball
3-0: Base on Balls
Tony Galvan to second
Batting: RHB Alex Garza 0-0: Called Strike
0-1: Swinging Strike
0-2: Ball
1-2: Foul Ball, location: 2F
1-2: Ball
2-2: SINGLE (Line Drive, 6MD)
Frank Palmer scores
Tony Galvan to third
Sean Parr to second
Runner from 3rd tries for Home, SAFE, throw made home
Batting: RHB Hector Torrealba 0-0: Called Strike
0-1: Fly out, F3 (Popup, 3SF)
Top of the 2nd over - 3 runs, 4 hits, 0 errors, 2 left on base; Oregon State 3 - Texas A&M 0
BOTTOM OF THE 2ND
Texas A&M Aggies batting - Pitching for Oregon State Beavers : LHP R.J. Burns
Batting: RHB Phil Post 0-0: Ball
1-0: Called Strike
1-1: Ground out 4-3 (Groundball, 4MS)
Batting: LHB Matthew Harrington 0-0: Ball
1-0: Swinging Strike
1-1: Ball
2-1: Ball
3-1: Base on Balls
Batting: RHB Nelson Garza 0-0: Foul Ball, location: 2F
0-1: SINGLE (Line Drive, 89M)
Matthew Harrington to second
Matthew Harrington to third
Batting: RHB Sean Russell 0-0: Ball
1-0: Called Strike
1-1: Swinging Strike
1-2: DOUBLE (Line Drive, 7LM)
Matthew Harrington scores
Nelson Garza to third
Batting: LHB Dan Cano 0-0: Swinging Strike
0-1: Ball
1-1: Ball
2-1: Swinging Strike
2-2: Foul Ball, location: 2F
2-2: Strikes out swinging
Batting: RHB Travis Guerette 0-0: Called Strike
0-1: Ball
1-1: Ball
2-1: Foul Ball, location: 2F
2-2: Ball
3-2: Foul Ball, location: 2F
3-2: Foul Ball, location: 2F
3-2: Base on Balls
Batting: LHB Ryan Davis 0-0: Called Strike
0-1: Ball
1-1: Called Strike
1-2: Ball
Wild Pitch!
Nelson Garza scores
Sean Russell to third
Travis Guerette to second
2-2: Foul Ball, location: 2F
2-2: Foul Ball, location: 2F
2-2: Ground out 4-3 (Groundball, 4MS)
Bottom of the 2nd over - 2 runs, 2 hits, 0 errors, 2 left on base; Oregon State 3 - Texas A&M 2
TOP OF THE 3RD
Oregon State Beavers batting - Pitching for Texas A&M Aggies : LHP Bobby Soriano
Batting: SHB Justin Davids 0-0: Ball
1-0: Foul Ball, location: 2F
1-1: Ball
2-1: Called Strike
2-2: Foul Ball, location: 2F
2-2: Foul Ball, location: 2F
2-2: Ball
3-2: Base on Balls
Batting: RHB Randy Stout 0-0: Called Strike
0-1: Ball
1-1: Called Strike
1-2: SINGLE (Flyball, 78S)
Justin Davids to second
Batting: SHB Nick McCullough 0-0: Ball
1-0: Called Strike
1-1: Swinging Strike
1-2: Foul Ball, location: 2F
1-2: Strikes out swinging
Batting: LHB Frank Palmer 0-0: Hit by Pitch
Justin Davids to third
Randy Stout to second
Batting: RHB Nate Maki 0-0: Foul Ball, location: 2F
0-1: Swinging Strike
0-2: Foul Ball, location: 2F
0-2: Strikes out swinging
Batting: RHB Tony Galvan 0-0: Called Strike
0-1: Fly out, F6 (Popup, P)
Top of the 3rd over - 0 runs, 1 hit, 0 errors, 3 left on base; Oregon State 3 - Texas A&M 2
BOTTOM OF THE 3RD
Texas A&M Aggies batting - Pitching for Oregon State Beavers : LHP R.J. Burns
Batting: SHB Dan Farmer 0-0: Called Strike
0-1: Ball
1-1: Called Strike
1-2: Foul Ball, location: 2F
1-2: Ball
2-2: Foul Ball, location: 2F
2-2: Foul Ball, location: 2F
2-2: Fly out, F9 (Flyball, 89S)
Batting: RHB Mike Ivester 0-0: Called Strike
0-1: Fly out, F9 (Flyball, 9LDF)
Batting: RHB Phil Post 0-0: Called Strike
0-1: Ball
1-1: Ball
2-1: Foul Ball, location: 2F
2-2: Foul Ball, location: 2F
2-2: Foul Ball, location: 2F
2-2: Ball
3-2: Foul Ball, location: 2F
3-2: Base on Balls
Batting: LHB Matthew Harrington 0-0: SINGLE (Flyball, 78S)
Phil Post to second
Batting: RHB Nelson Garza 0-0: SINGLE (Groundball, 4MD)
Phil Post to third
Matthew Harrington to second
Runner from 3rd tries for Home, SAFE, no throw
Batting: RHB Sean Russell 0-0: Ground out U3 (Groundball, 3)
Bottom of the 3rd over - 1 run, 2 hits, 0 errors, 2 left on base; Oregon State 3 - Texas A&M 3
TOP OF THE 4TH
Oregon State Beavers batting - Pitching for Texas A&M Aggies : LHP Bobby Soriano
Batting: LHB Sean Parr 0-0: Foul Ball, location: 2F
0-1: Ball
1-1: Ball
2-1: Swinging Strike
2-2: Ground out 4-3 (Groundball, 4)
Batting: RHB Alex Garza 0-0: Ground out 5-3 (Groundball, 56S)
Batting: RHB Hector Torrealba 0-0: Ball
1-0: Ball
2-0: Ball
3-0: Base on Balls
Batting: SHB Justin Davids 0-0: Foul Ball, location: 2F
0-1: Ball
1-1: Swinging Strike
1-2: Ball
2-2: SINGLE (Line Drive, 56)
Hector Torrealba to second
Batting: RHB Randy Stout 0-0: Called Strike
0-1: Ball
1-1: Ball
Wild Pitch!
Hector Torrealba to third
Justin Davids to second
2-1: Ball
3-1: Called Strike
3-2: Base on Balls
Batting: SHB Nick McCullough 0-0: Foul Ball, location: 2F
0-1: Ball
1-1: Swinging Strike
1-2: Ball
2-2: SINGLE (Flyball, 89S)
Hector Torrealba scores
Justin Davids to third
Randy Stout to second
Runner from 3rd tries for Home, SAFE, no throw
Batting: LHB Frank Palmer 0-0: Swinging Strike
0-1: Foul Ball, location: 2F
0-2: Strikes out swinging
Top of the 4th over - 2 runs, 2 hits, 0 errors, 2 left on base; Oregon State 5 - Texas A&M 3
BOTTOM OF THE 4TH
Texas A&M Aggies batting - Pitching for Oregon State Beavers : LHP R.J. Burns
Batting: LHB Dan Cano 0-0: Ball
1-0: Ball
2-0: Ball
3-0: Base on Balls
Batting: RHB Travis Guerette 0-0: Called Strike
0-1: Called Strike
0-2: Fly out, F9 (Flyball, 89M)
Batting: LHB Ryan Davis 0-0: Swinging Strike
0-1: Ball
1-1: Called Strike
1-2: SINGLE (Line Drive, 3)
Dan Cano to second
Batting: SHB Dan Farmer 0-0: Ball
1-0: Ball
2-0: Called Strike
2-1: Foul Ball, location: 2F
2-2: Foul Ball, location: 2F
2-2: Ball
3-2: Base on Balls
Dan Cano to third
Ryan Davis to second
Batting: RHB Mike Ivester 0-0: Ball
1-0: Called Strike
1-1: Foul Ball, location: 2F
1-2: Foul Ball, location: 2F
1-2: Foul Ball, location: 2F
1-2: Foul Ball, location: 2F
1-2: SINGLE (Groundball, 56D)
Dan Cano scores
Ryan Davis to third
Dan Farmer to second
Batting: RHB Phil Post 0-0: Foul Ball, location: 2F
0-1: Ball
1-1: Ball
2-1: Fielders Choice at 2nd, 4-6 (Groundball, 34)
Ryan Davis scores
Dan Farmer to third
Batting: LHB Matthew Harrington 0-0: Called Strike
0-1: Ball
1-1: Fly out, F8 (Flyball, 8LD)
Bottom of the 4th over - 2 runs, 2 hits, 0 errors, 2 left on base; Oregon State 5 - Texas A&M 5
TOP OF THE 5TH
Oregon State Beavers batting - Pitching for Texas A&M Aggies : LHP Bobby Soriano
Batting: RHB Nate Maki 0-0: Foul Ball, location: 2F
0-1: Foul Ball, location: 2F
0-2: Strikes out swinging
Batting: RHB Tony Galvan 0-0: Called Strike
0-1: Ground out 4-3 (Groundball, 4)
Batting: LHB Sean Parr 0-0: Fly out, F8 (Flyball, 89D)
Top of the 5th over - 0 runs, 0 hits, 0 errors, 0 left on base; Oregon State 5 - Texas A&M 5
BOTTOM OF THE 5TH
Texas A&M Aggies batting - Pitching for Oregon State Beavers : LHP R.J. Burns
Batting: RHB Nelson Garza 0-0: Called Strike
0-1: Ball
1-1: Ball
2-1: Swinging Strike
2-2: Foul Ball, location: 2F
2-2: Foul Ball, location: 2F
2-2: Hit by Pitch
Batting: RHB Sean Russell 0-0: Bunt missed!
0-1: Sac Bunt - play at first, batter OUT! 3-4
Nelson Garza to second
Batting: LHB Dan Cano 0-0: Swinging Strike
0-1: Foul Ball, location: 2F
0-2: Strikes out swinging
Batting: RHB Travis Guerette 0-0: Swinging Strike
0-1: Ball
1-1: Ball
2-1: Called Strike
2-2: Ball
3-2: Base on Balls
Batting: LHB Ryan Davis 0-0: Swinging Strike
0-1: SINGLE (Groundball, 23) (infield hit)
Nelson Garza to third
Travis Guerette to second
Batting: SHB Dan Farmer 0-0: GRAND SLAM HOME RUN (Flyball, 9LD), Distance : 362 ft
Pitching: RHP Brian Roberts
Batting: RHB Mike Ivester 0-0: Ball
1-0: Called Strike
1-1: Called Strike
1-2: SINGLE (Line Drive, 34D)
Batting: RHB Phil Post 0-0: Called Strike
0-1: Ball
1-1: Called Strike
1-2: Ball
2-2: Ball
3-2: SINGLE (Groundball, 5D)
Mike Ivester to second
Mike Ivester to third
Batting: LHB Matthew Harrington 0-0: Ball
1-0: Called Strike
1-1: Ball
2-1: Ball
3-1: Base on Balls
Phil Post to second
Batting: RHB Nelson Garza 0-0: Foul Ball, location: 2F
0-1: SINGLE (Groundball, 6MD)
Mike Ivester scores
Phil Post to third
Matthew Harrington to second
Runner from 3rd tries for Home, throw and OUT!
Bottom of the 5th over - 5 runs, 5 hits, 0 errors, 2 left on base; Oregon State 5 - Texas A&M 10
TOP OF THE 6TH
Oregon State Beavers batting - Pitching for Texas A&M Aggies : LHP Bobby Soriano
Batting: RHB Alex Garza 0-0: Ball
1-0: Swinging Strike
1-1: Foul Ball, location: 2F
1-2: Fly out, F6 (Popup, 6S)
Batting: RHB Hector Torrealba 0-0: Foul Ball, location: 2F
0-1: Ball
1-1: Foul Ball, location: 2F
1-2: Ball
2-2: Ball
3-2: Foul Ball, location: 2F
3-2: Base on Balls
Pitching: RHP Dan Homann
Batting: SHB Justin Davids 0-0: Ball
1-0: Foul Ball, location: 2F
1-1: Ball
2-1: Ball
3-1: Grounds into double play, 4-6-3 (Groundball, 4)
Top of the 6th over - 0 runs, 0 hits, 0 errors, 0 left on base; Oregon State 5 - Texas A&M 10
BOTTOM OF THE 6TH
Texas A&M Aggies batting - Pitching for Oregon State Beavers : RHP Brian Roberts
Batting: RHB Sean Russell 0-0: Fly out, F8 (Flyball, 8LS)
Batting: LHB Dan Cano 0-0: Ball
1-0: Ball
2-0: Ball
3-0: Called Strike
3-1: Ground out 4-3 (Groundball, 4)
Batting: RHB Travis Guerette 0-0: Ball
1-0: Swinging Strike
1-1: Foul Ball, location: 2F
1-2: Foul Ball, location: 2F
1-2: Fly out, F4 (Popup, 4S)
Bottom of the 6th over - 0 runs, 0 hits, 0 errors, 0 left on base; Oregon State 5 - Texas A&M 10
TOP OF THE 7TH
Oregon State Beavers batting - Pitching for Texas A&M Aggies : RHP Dan Homann
Batting: RHB Randy Stout 0-0: Ball
1-0: SOLO HOME RUN (Flyball, 7D), Distance : 400 ft
Batting: SHB Nick McCullough 0-0: Ball
1-0: Ball
2-0: Called Strike
2-1: Foul Ball, location: 2F
2-2: Ball
3-2: Strikes out looking
Batting: LHB Frank Palmer 0-0: Ball
1-0: Called Strike
1-1: Fly out, F6 (Popup, 4MS)
Batting: RHB Nate Maki 0-0: Ball
1-0: Ball
2-0: Called Strike
2-1: Called Strike
2-2: Foul Ball, location: 2F
2-2: Ball
3-2: Strikes out swinging
Top of the 7th over - 1 run, 1 hit, 0 errors, 0 left on base; Oregon State 6 - Texas A&M 10
BOTTOM OF THE 7TH
Texas A&M Aggies batting - Pitching for Oregon State Beavers : RHP Brian Roberts
Batting: LHB Ryan Davis 0-0: Ball
1-0: Foul Ball, location: 2F
1-1: Ball
2-1: Ball
3-1: Fly out, F7 (Line Drive, 78M)
Batting: SHB Dan Farmer 0-0: Swinging Strike
0-1: Foul Ball, location: 2F
0-2: Ball
1-2: Strikes out swinging
Batting: RHB Mike Ivester 0-0: Ball
1-0: Called Strike
1-1: SINGLE (Groundball, 4MD)
Batting: RHB Phil Post 0-0: SINGLE (Flyball, 89S)
Mike Ivester to second
Runner from 2nd tries for 3rd, SAFE, no throw
Batting: LHB Matthew Harrington 0-0: Foul Ball, location: 2F
0-1: Ball
1-1: 3-RUN HOME RUN (Flyball, 7LD), Distance : 347 ft
Batting: RHB Nelson Garza 0-0: Ball
1-0: Ball
2-0: Swinging Strike
2-1: Ball
3-1: SINGLE (Line Drive, 6M)
Batting: RHB Sean Russell 0-0: Foul Ball, location: 2F
0-1: Ground out U3 (Groundball, 34)
Bottom of the 7th over - 3 runs, 4 hits, 0 errors, 1 left on base; Oregon State 6 - Texas A&M 13
TOP OF THE 8TH
Oregon State Beavers batting - Pitching for Texas A&M Aggies : RHP Dan Homann
Batting: RHB Tony Galvan 0-0: Ball
1-0: Foul Ball, location: 2F
1-1: Ball
2-1: Ball
3-1: Called Strike
3-2: Base on Balls
Batting: LHB Sean Parr 0-0: Called Strike
0-1: Foul Ball, location: 2F
0-2: Strikes out swinging
Batting: RHB Alex Garza 0-0: Ball
1-0: Ball
2-0: Swinging Strike
2-1: Foul Ball, location: 2F
2-2: Ball
3-2: Foul Ball, location: 2F
3-2: Base on Balls
Tony Galvan to second
Batting: RHB Hector Torrealba 0-0: Called Strike
0-1: Swinging Strike
0-2: Strikes out swinging
Batting: SHB Justin Davids 0-0: Ball
1-0: Ball
2-0: Ball
3-0: Called Strike
3-1: Base on Balls
Tony Galvan to third
Alex Garza to second
Batting: RHB Randy Stout 0-0: Foul Ball, location: 2F
0-1: Fly out, F9 (Flyball, 89M)
Top of the 8th over - 0 runs, 0 hits, 0 errors, 3 left on base; Oregon State 6 - Texas A&M 13
BOTTOM OF THE 8TH
Texas A&M Aggies batting - Pitching for Oregon State Beavers : RHP Brian Roberts
Batting: LHB Dan Cano 0-0: Called Strike
0-1: Fly out, F7 (Flyball, 78M)
Batting: RHB Travis Guerette 0-0: Ball
1-0: Ball
2-0: Called Strike
2-1: Ball
3-1: Called Strike
3-2: Base on Balls
Batting: LHB Ryan Davis 0-0: Called Strike
0-1: Called Strike
0-2: Ball
1-2: Ball
2-2: Fly out, F4 (Line Drive, 4)
Batting: SHB Dan Farmer 0-0: Ball
1-0: Called Strike
1-1: Called Strike
1-2: Ball
2-2: Ball
3-2: Fly out, F9 (Flyball, 9)
Bottom of the 8th over - 0 runs, 0 hits, 0 errors, 1 left on base; Oregon State 6 - Texas A&M 13
TOP OF THE 9TH
Oregon State Beavers batting - Pitching for Texas A&M Aggies : RHP Dan Homann
Batting: SHB Nick McCullough 0-0: Ball
1-0: Ball
2-0: Ground out 4-3 (Groundball, 34D)
Batting: LHB Frank Palmer 0-0: Called Strike
0-1: Foul Ball, location: 2F
0-2: Ball
1-2: DOUBLE (Line Drive, 89M)
Batting: RHB Nate Maki 0-0: Called Strike
0-1: 2-RUN HOME RUN (Flyball, 7D), Distance : 385 ft
Batting: RHB Tony Galvan 0-0: Ball
1-0: Ball
2-0: Swinging Strike
2-1: Foul Ball, location: 2F
2-2: Ball
3-2: Ground out U3 (Groundball, 34)
Batting: LHB Sean Parr 0-0: Ball
1-0: Called Strike
1-1: Ball
2-1: Foul Ball, location: 2F
2-2: Foul Ball, location: 2F
2-2: Strikes out swinging
Top of the 9th over - 2 runs, 2 hits, 0 errors, 0 left on base; Oregon State 8 - Texas A&M 13
Wednesday, November 1st, 2017 - OOTP Baseball 18.8 Build 76